 Dungeon Crawl Stone Soup version 0.30.1-11-g7821555f0a (webtiles) character file.

Game seed: 7317030188971484138

1267 lambdanil the Magician (level 8, -2/50 HPs)
             Began as a Djinni Fire Elementalist on Nov 4, 2023.
             Slain by Edmund
             ... wielding a +0 flail of protection
              (7 damage)
             ... on level 5 of the Dungeon.
             The game lasted 00:13:22 (5354 turns).

lambdanil the Magician (Djinni Fire Elementalist)   Turns: 5354, Time: 00:13:22

Health: -2/50      AC:  3    Str:  5 (7)  XL:     8   Next: 82%
Gold:   94         EV: 14    Int: 17 (19) God:
                   SH:  0    Dex: 14

rFire   + + .        v - +0 dagger
rCold   x . .        (no shield)
rNeg    . . .        a - +0 robe
rPois   ∞            (no helmet)
rElec   .            (no cloak)
rCorr   .            h - +0 pair of gloves
SInv    .            (boots unavailable)
Will    .....        (no amulet)
Stlth   +++          (no ring)
HPRegen 0.28/turn    (no ring)
MPRegen 0.00/turn

%: infuse magic (-3 HP)
@: flying, studying Axes
A: sickness immunity, fire resistance 2, cold vulnerability 1, float, innate
caster, HP casting, extra vitality 1
a: no special abilities


You were on level 5 of the Dungeon.
You visited 1 branch of the dungeon, and saw 6 of its levels.

You collected 182 gold pieces.
You spent 88 gold pieces at shops.

Inventory:

Hand Weapons
 v - a +0 dagger (weapon)
Armour
 a - a +0 robe (worn)
 h - a +0 pair of gloves (worn)
Jewellery
 r - an amulet of reflection
Wands
 n - a wand of quicksilver (12)
 t - a wand of flame (6)
Scrolls
 b - a scroll of amnesia {unknown}
 c - a scroll of fear {unknown}
 e - 8 scrolls of identify
 i - a scroll of acquirement {unknown}
 o - a scroll of noise {unknown}
 s - a scroll of torment {unknown}
 u - a scroll of enchant weapon {unknown}
 w - 3 scrolls of teleportation {unknown}
 x - a scroll of immolation {unknown}
 y - a scroll of summoning {unknown}
Potions
 d - a potion of resistance {unknown}
 f - a potion of ambrosia {unknown}
 g - 2 potions of curing
 j - a potion of haste {unknown}
 k - a potion of cancellation {unknown}
 l - a potion of invisibility {unknown}
 m - a potion of heal wounds {unknown}
 p - a potion of degeneration
 q - 2 potions of berserk rage


   Skills:
 + Level 5.7 Dodging
 + Level 4.6 Stealth
 * Level 6.0 Spellcasting


You knew the following spells:

 Your Spells              Type           Power      Damage    Failure   Level
a - Foxfire               Conj/Fire      100%       2x1d9     1%          1
b - Scorch                Fire           50%        2d7       1%          2
c - Volatile Blastmotes   Fire/Tloc      50%        2d14      3%          3
d - Inner Flame           Hex/Fire       25%        N/A       3%          3
e - Flame Wave            Conj/Fire      25%        2d8       11%         4
f - Slow                  Hex            100%       N/A       1%          1
g - Lesser Beckoning      Tloc           50%        N/A       1%          2
h - Teleport Other        Tloc           25%        N/A       3%          3
Your spell library was empty.

Dungeon Overview and Level Annotations

Branches:
Dungeon (6/15)
 Temple: D:4-7

Altars:
Ashenzari

Shops:
D:1 [=*?   D:4 :

Annotations:
D:5 2 transporters, Edmund; zxspectator's ghost, novice GrFi


Innate Abilities, Weirdness & Mutations

You are immune to sickness and miasma.
You are immune to poison.
Your flesh is very heat resistant. (rF++)
You are vulnerable to cold. (rC-)
You float through the air rather than walking.
You learn spells naturally, not from books.
Your magical power is your life essence.
You have superior vitality. (+4 MHP)


Message History

You are very lightly contaminated with residual magic.
Nothing appears to happen.
Casting: Scorch (safe; 1% risk of failure)
Confirm with . or Enter, or press ? or * to list all spells.
Flames lash the hound.
The hound is heavily wounded.
The hound's fire resistance burns away.
Edmund barely misses you. The hound barely misses you. The hound bites you.
Edmund hits you with a +0 flail of protection.
You fly upwards.
Level annotation: 2 transporters, zxspectator's ghost, novice GrFi
There is a stone staircase leading down here.
Casting: Scorch (safe; 1% risk of failure)
Confirm with . or Enter, or press ? or * to list all spells.
Flames lash Edmund.
Edmund is lightly wounded.
Edmund's fire resistance burns away.
The hound pauses to sniff the ground.
The hound bites you. Edmund misses you. The hound misses you.
Casting: Scorch (safe; 1% risk of failure)
Confirm with . or Enter, or press ? or * to list all spells.
Flames lash the hound.
The hound is burned terribly!
You kill the hound!
Edmund barely misses you.
You feel your intelligence returning.
Casting: Scorch (safe; 1% risk of failure)
Confirm with . or Enter, or press ? or * to list all spells.
Flames lash Edmund but do no damage.
Edmund hits you with a +0 flail of protection!
Your magical contamination has completely faded away.
Casting: Scorch (safe; 1% risk of failure)
Confirm with . or Enter, or press ? or * to list all spells.
Flames lash Edmund.
Edmund is burned terribly!
Edmund is moderately wounded.
Edmund hits you with a +0 flail of protection!
* * * LOW HITPOINT WARNING * * *
Edmund attacks as you move away!
Edmund hits you with a +0 flail of protection!
You die...

...##.#.#.##.####.#####.#.#
...#.###.)........# #.#.#
#''##.#.#)##.###..# #.#.#
...###.##.)#.###..# #.#.#
.### #.##...#.....#####...#
.#####.###.#.####.......###
....##.# #.#.# ####.####
###....# #.#.#######.# #
#.#### #.....@@†##.# ###.#
###.####.##.# ....# #>#
#.##.#
#.##########.####.##.#
.............#..############
#.############..#..........#
....# #######..#..........#
....## #........#..######..#
.....# #...###..#..######..#


You could see Edmund (combustible).

Vanquished Creatures
  Pikel (D:5)
  A steam dragon (D:5)
  A black bear (D:5)
  A lemure (D:5)
  A phantom (D:5)
  A scorpion (D:4)
  2 orc priests (D:5)
  3 hounds
  3 jellies
  A gnoll bouda (D:5)
  An orc wizard (D:5)
  2 iguanas
  3 adders
  A shadow imp (D:4)
  3 ufetubi
  A worm (D:2)
  2 dart slugs
  7 orcs
  2 endoplasms
  6 goblins
  2 hobgoblins (D:2)
  7 jackals
  6 kobolds
  A quokka (D:1)
  7 ball pythons
  4 bats
  3 frilled lizards
  3 rats
76 creatures vanquished.

Vanquished Creatures (others)
  An orc priest (D:5)
  A sleepcap (D:5)
  183 foxfires
185 creatures vanquished.

Grand Total: 261 creatures vanquished

Notes
Turn   | Place    | Note
-------+----------+-------------------------------------------
     0 | D:1      | lambdanil the Djinni Fire Elementalist began the quest for
                  | the Orb.
     0 | D:1      | lambdanil set off with the following spells memorised:
                  | Foxfire, Scorch, Volatile Blastmotes, Inner Flame, Flame
                  | Wave.
     0 | D:1      | Reached XP level 1. HP: 15/15 MP: 0/0
    23 | D:1      | Found Hankeh's General Store.
    93 | D:1      | Found Ifopye's Magic Scroll Shop.
   266 | D:1      | Reached XP level 2. HP: 18/21 MP: 0/0
   382 | D:1      | Found Anoisus's Jewellery Shop.
   393 | D:1      | Found Rewkaaf's Antique Armour Shoppe.
   777 | D:1      | Bought a scroll of identify for 22 gold pieces
   804 | D:2      | Reached skill level 3 in Spellcasting
   857 | D:2      | Reached XP level 3. HP: 24/25 MP: 0/0
   857 | D:2      | Learned a level 1 spell: Slow
  1095 | D:2      | Identified the +3 sling "Qaenoikk" {freeze, rF+ Will- Str+6
                  | Int-2}
  1817 | D:3      | Reached XP level 4. HP: 12/31 MP: 0/0
  2063 | D:3      | Found a faded altar of an unknown god.
  2441 | D:1      | Bought a scroll of identify for 22 gold pieces
  2441 | D:1      | Bought a scroll of identify for 22 gold pieces
  2441 | D:1      | Bought a scroll of identify for 22 gold pieces
  2788 | D:4      | Found a broken altar of Ashenzari.
  2816 | D:4      | Reached XP level 5. HP: 30/35 MP: 0/0
  2816 | D:4      | Learned a level 2 spell: Lesser Beckoning
  3478 | D:4      | Reached skill level 4 in Spellcasting
  3478 | D:4      | Reached XP level 6. HP: 35/40 MP: 0/0
  3550 | D:4      | Found Aluizath's Book Shop.
  3597 | D:5      | Entered Level 5 of the Dungeon
  3725 | D:5      | Noticed Pikel
  3742 | D:5      | Killed Pikel
  3743 | D:5      | Reached skill level 5 in Spellcasting
  3743 | D:5      | Reached XP level 7. HP: 33/45 MP: 0/0
  3743 | D:5      | Learned a level 3 spell: Teleport Other
  3821 | D:5      | Found a transporter.
  3847 | D:5      | Reached XP level 8. HP: 15/50 MP: 0/0
  3861 | D:5      | Found a transporter.
  4142 | D:5      | Reached skill level 5 in Dodging
  4220 | D:5      | Noticed zxspectator's ghost (novice GrFi)
  5122 | D:5      | Reached skill level 6 in Spellcasting
  5345 | D:6      | Noticed Edmund
  5354 | D:5      | Slain by Edmund

Illustrated notes

Levels and vault maps discovered:
D:1:      amcnicky_arrival_wind_blow, layout_basic, serial_shops,
          nicolae_shop_hallway_plus, shop, shop, shop
D:2:      layout_loops_ring, minivault_14
D:3:      layout_loops_corners, ebering_ecumenical_altar_petrified,
          kennysheep_another_room, minmay_misc_feat_x
D:4:      layout_layer_cave, nicolae_overflow_squiral, serial_shops, shop,
          reono_crystal_passage
D:5:      layout_loops_ring, gammafunk_ghost_stat_death,
          kennysheep_pointless_box, kennysheep_opposing_triangles, uniq_pikel
D:6:      layout_rooms, minmay_splitting_lines, uniq_grinder, uniq_edmund

Skill      XL: |  1  2  3  4  5  6  7  8 |
---------------+-------------------------+-----
Spellcasting   | 3 4 5 6 |  6.0
Stealth        | 2 3 4 |  4.6
Dodging        | 3 4 5 |  5.7

Action                     |  1- 3 |  4- 6 |  7- 9 || total
---------------------------+-------+-------+-------++-------
  Melee: Unarmed           |       |       |     2 ||     2
   Cast: Foxfire           |    45 |    43 |    32 ||   120
         Scorch            |    11 |    10 |    31 ||    52
         Inner Flame       |       |     1 |       ||     1
         Slow              |       |       |     1 ||     1
    Use: Potion            |       |       |     3 ||     3
 Armour: Robe              |     4 |       |     6 ||    10
  Dodge: Dodged            |     9 |       |    35 ||    44
